 Dungeon Crawl Stone Soup version 0.22.1-1-ga44c0e56f4 (webtiles) character file.

154 Reeggar the Covered (level 5, -6/42 HPs)
             Began as a Barachi Fighter on Nov 8, 2018.
             Was an Initiate of Gozag.
             Killed by nerve-wracking pain
             ... invoked by an orc priest
              (13 damage)
             ... on level 3 of the Dungeon.
             The game lasted 00:08:47 (1760 turns).

Reeggar the Covered (Barachi Fighter)               Turns: 1760, Time: 00:08:47

Health: -6/42      AC:  7    Str: 18    XL:     5   Next: 35%
Magic:  5/5        EV:  7    Int:  8    God:    Gozag
Gold:   302        SH: 10    Dex: 12    Spells: 4/4 levels left

rFire    . . .     SeeInvis .   a - +0 war axe
rCold    . . .     Gourm    .   c - +1 shield
rNeg     . . .     Faith    .   b - +0 scale mail
rPois    .         Spirit   .   (no helmet)
rElec    .         Reflect  .   (no cloak)
rCorr    .         Harm     .   (no gloves)
MR       .....                  (no boots)
Stlth    ..........             (no amulet)
HPRegen  0.14/turn              (no ring)
MPRegen  0.09/turn              (no ring)

@: slow
A: +LOS, swims, hooves 1, blink, slowness 1, strong legs 1
a: Hop, Blink, Potion Petition, Call Merchant, Bribe Branch, Renounce Religion


You were on level 3 of the Dungeon.
You worshipped Gozag.
Gozag was aware of your devotion.
You were not hungry.

You visited 1 branch of the dungeon, and saw 3 of its levels.

You collected 336 gold pieces.
You paid 34 gold pieces to Gozag.

Inventory:

Hand Weapons
 a - a +0 war axe (weapon)
Armour
 b - a +0 scale mail (worn)
 c - a +1 shield (worn)
Scrolls
 e - a scroll of random uselessness {unknown}
 g - a scroll of magic mapping {unknown}
 k - 2 scrolls of identify
 m - 2 scrolls of enchant weapon {unknown}
 o - a scroll of teleportation {unknown}
 p - a scroll of blinking {unknown}
 q - a scroll of fear {unknown}
Potions
 d - 3 potions of flight
Comestibles
 f - 5 rations


   Skills:
 + Level 4.1 Fighting
 + Level 3.9 Axes
 + Level 4.6 Armour
 + Level 0.6 Dodging
 + Level 0.3 Stealth
 + Level 4.2 Shields


You had 4 spell levels left.
You didn't know any spells.
Your spell library was empty.

Dungeon Overview and Level Annotations

Branches:
Dungeon (3/15)

Altars:
Gozag
Trog
Uskayaw
The Shining One


Innate Abilities, Weirdness & Mutations

Shadows flee at your approach. (+LOS)
You can swim through water.
You cover ground slowly.
You can hop short distances.
You have large cloven feet.
You can translocate small distances at will.


Message History

* * * LOW HITPOINT WARNING * * *
Okay, then.
You hit the orc priest but do no damage.
You kick the orc priest, but do no damage.
The orc priest is heavily wounded.
The orc priest hits you but does no damage.
You slash the orc priest!
You kill the orc priest!
Found 21 poisoned needles.
You now have 302 gold pieces (gained 4).
f - 5 rations (gained 1)
Things that are here:
a trident; a scale mail The orc priest shouts!
You hit the orc priest.
The orc priest is moderately wounded.
The orc priest invokes the aid of Beogh against you.
Pain shoots through your body!
You die...
Your body crumbles into a pile of gold.

#.... #.#.. #.# .. #..(.#
##o#..####.# .... ###..... $
........##.##.... ........
#.........(##... .(......
#.........(##... ........
#.##.....(.##... ........
#.......((.#
........######......##.## .
........)...@o))....##.####..
.#############...............
#..)............
#.........^...##
#....<....##### ####...#..#
#...#..# #...#..# #...#.>.


You could see an orc priest.

Vanquished Creatures
  An orc priest (D:3)
  5 adders (D:2)
  A gnoll (D:1)
  3 dart slugs (D:1)
  2 leopard geckos
  An orc (D:3)
  A ball python (D:1)
  A giant cockroach (D:2)
  6 goblins
  7 hobgoblins
  7 jackals
  A quokka (D:3)
  6 bats
  4 frilled lizards
  6 kobolds
  10 rats
62 creatures vanquished.

Notes
Turn   | Place    | Note
-------+----------+-------------------------------------------
     0 | D:1      | Reeggar the Barachi Fighter began the quest for the Orb.
     0 | D:1      | Reached XP level 1. HP: 18/18 MP: 1/1
   164 | D:1      | Reached XP level 2. HP: 23/25 MP: 2/2
   404 | D:1      | Reached XP level 3. HP: 23/30 MP: 3/3
   771 | D:2      | Found an opulent altar of Gozag.
   802 | D:2      | Found a bloodstained altar of Trog.
   826 | D:2      | Found a glowing golden altar of the Shining One.
   840 | D:2      | Became a worshipper of Gozag Ym Sagoz the Greedy
   860 | D:2      | Found a hide-covered altar of Uskayaw.
   883 | D:2      | Gained mutation: You have large cloven feet. [potion of
                  | mutation]
   883 | D:2      | Gained mutation: You can translocate small distances at
                  | will. [potion of mutation]
   884 | D:2      | HP: 1/30 [poisoned by an adder]
   890 | D:2      | Reached XP level 4. HP: 32/37 MP: 4/4
  1631 | D:3      | Reached XP level 5. HP: 40/42 MP: 5/5
  1760 | D:3      | Killed from afar by an orc priest

Skill      XL: |  1  2  3 |
---------------+----------+-----
Armour         | 4 |  4.6
Shields        | 4 |  4.2
Fighting       | 4 |  4.1
Axes           | 3 |  3.9
Dodging        | |  0.6
Stealth        | |  0.3

Action                   |  1- 3 |  4- 6 || total
-------------------------+-------+-------++-------
Melee: War axe           |    85 |    96 ||   181
       Kick              |     1 |    23 ||    24
Invok: Potion Petition   |     1 |       ||     1
  Use: Potion            |     4 |       ||     4
       Scroll            |       |     4 ||     4
 Stab: Invisible         |     1 |       ||     1
       Distracted        |       |     1 ||     1
  Eat: Ration            |       |     1 ||     1
       Chunk             |       |     1 ||     1
Armor: Scale mail        |    55 |    57 ||   112
Dodge: Dodged            |    38 |    37 ||    75
Block: Shield            |    73 |    54 ||   127
